 Dungeon Crawl Stone Soup version 0.19.1-1-g22dce08 (webtiles) character file.

62148 Haldmier the Fighter (level 15, -8/84 HPs)
             Began as a Vine Stalker Transmuter on Dec 31, 2016.
             Was the Champion of Makhleb.
             Killed from afar by an orc sorcerer (23 damage)
             ... with a bolt of fire
             ... on level 2 of the Orcish Mines.
             The game lasted 02:00:27 (19380 turns).

Haldmier the Fighter (Vine Stalker Transmuter)     Turns: 19380, Time: 02:00:27

Health: -8/84      AC: 10    Str: 13    XL:     15   Next: 5%
Magic:  0/23       EV: 19    Int: 20    God:    Makhleb [******]
Gold:   2218       SH:  5    Dex: 16    Spells: 4 memorised, 13 levels left

rFire  . . .     SeeInvis +     E - +10 hand axe of Woe {vamp, Int+2}
rCold  . . .     Gourm    .     P - +0 troll leather armour
rNeg   . . .     Faith    .     (no shield)
rPois  +         Spirit   +     (no helmet)
rElec  .         Reflect  +     b - +2 cloak {rPois}
rCorr  .         Harm     .     k - +1 pair of gloves
MR     +....                    u - +0 pair of boots
Stlth  ++........               J - +5 amulet of reflection
                                C - +3 ring of slaying
                                M - ring of see invisible

@: appendage, drained
A: fangs 3, horns 2, regeneration 2, magic shield, antimagic bite, no device
heal 3, rot immunity
a: End Transformation, Minor Destruction, Lesser Servant of Makhleb, Major
Destruction, Greater Servant of Makhleb, Renounce Religion


You were on level 2 of the Orcish Mines.
You worshipped Makhleb.
Makhleb was exalted by your worship.
You were not hungry.
You had grown temporary horns.
You visited 4 branches of the dungeon, and saw 19 of its levels.

You collected 2309 gold pieces.
You spent 91 gold pieces at shops.

Inventory:

Hand Weapons
 E - the +10 hand axe of Woe (weapon) {vamp, Int+2}
   (You found it on level 6 of the Dungeon)

   It inflicts no extra harm, but heals its wielder when it wounds a living foe.
   It affects your intelligence (+2).
Missiles
 a - 174 arrows
 z - a throwing net
 R - 16 tomahawks (quivered)
 V - 10 javelins
Armour
 b - a +2 cloak of poison resistance (worn)
 k - a +1 pair of gloves (worn)
 u - a +0 pair of boots (worn)
 I - a +2 ring mail of fire resistance
 P - a +0 troll leather armour (worn)
 Q - a +2 robe of the Archmagi
Magical Staves
 w - an uncursed staff of fire {unknown}
Jewellery
 l - the ring "Kesaneer" {Wiz rF+ rC+ MR+ Str+4}
   (You took it off a deep elf knight on level 7 of the Dungeon)

   [ring of wizardry]

   It improves your spell success rate.
   It affects your strength (+4).
   It protects you from fire.
   It protects you from cold.
   It affects your resistance to hostile enchantments.
 r - an uncursed ring of protection from magic
 C - a +3 ring of slaying (right hand)
 J - a +5 amulet of reflection (around neck)
 M - a ring of see invisible (left hand)
Wands
 f - a wand of flame (24/48)
 g - a wand of enslavement (19/24)
 j - a wand of lightning (1/15)
 D - a wand of disintegration (7/24)
 K - a wand of acid (3/15)
 S - a wand of teleportation (4/9)
 Y - a wand of iceblast (9/15)
Scrolls
 c - a scroll of enchant weapon
 e - 5 scrolls of fog
 m - 6 scrolls of teleportation
 o - 7 scrolls of remove curse
 y - 3 scrolls of magic mapping
 Z - a scroll of recharging
Potions
 i - 2 potions of berserk rage
 n - a potion of cure mutation {unknown}
 p - 5 potions of lignification
 q - a potion of resistance
 s - a potion of mutation {unknown}
 v - 3 potions of flight
 x - a potion of haste
 A - 2 potions of might
 B - 3 potions of curing
 F - a potion of magic
 H - a potion of ambrosia
 L - 2 potions of cancellation
 W - a potion of brilliance {unknown}
 X - a potion of agility {unknown}
Miscellaneous
 G - a sack of spiders
 T - a phial of floods (inert)
Comestibles
 d - 13 bread rations
 h - 19 chunks of flesh
 t - 7 meat rations
 N - 31 fruits
 O - 3 beef jerkies
 U - 2 royal jellies


   Skills:
 - Level 12.0(11.4) Fighting
 + Level 11.3(10.7) Dodging
 - Level 4.0(3.5) Stealth
 + Level 8.8(8.3) Unarmed Combat
 - Level 5.0(4.5) Spellcasting
 - Level 11.0(10.4) Transmutations
 - Level 3.0(2.5) Poison Magic
 - Level 10.2(9.7) Invocations
 - Level 4.0(3.6) Evocations


You had 13 spell levels left.
You knew the following spells:

 Your Spells              Type           Power        Failure   Level  Hunger
a - Beastly Appendage     Tmut           #####.       1%          1    None
b - Sticks to Snakes      Tmut           #####...     1%          2    #......
c - Spider Form           Tmut/Pois      ####......   3%          3    ##.....
d - Blade Hands           Tmut           #####.....   8%          5    ######.


Dungeon Overview and Level Annotations

Branches:
Dungeon (10/15)            Temple (1/1) D:4            Lair (6/6) D:10
  Swamp (0/4) Lair:3       Spider (0/4) Lair:4        Slime (0/5) Lair:5
    Orc (2/2) D:9             Elf (0/3) Orc:2

Altars:
Ashenzari
Cheibriados
Dithmenos
Elyvilon
Fedhas
Gozag
Hepliaklqana
Kikubaaqudgha
Makhleb
Nemelex Xobeh
Okawaru
Qazlal
Ru
Sif Muna
Trog
Uskayaw
Vehumet
Xom
Yredelemnul
Zin
The Shining One
Beogh
Jiyva

Shops:
D:5 !   D:9 !   Orc:2 [(

Annotations:
D:9 exclusion: downstairs
Orc:1 2 Orc Knights by stairs


Innate Abilities, Weirdness & Mutations

You have razor-sharp teeth.
You heal very quickly.
When hurt, damage is shared between your health and your magic reserves.
Your bite disrupts and absorbs the magic of your enemies.
Potions and wands cannot restore your health.
You are immune to rotting.
You have a pair of horns on your head.


Message History

* * * LOW HITPOINT WARNING * * *
You are engulfed in flames!
* * * LOW HITPOINT WARNING * * *
You take 8 damage, and have 2/84 hp.
You now have 0/23 mp.
Your surroundings suddenly seem different. 2 orcs, an orc warrior, an orc priest and an orc wizard come into view.
The orc warrior is wielding a trident of venom.
The orc priest shouts!
The orc moves out of view.
You regained 2 hp, and now have 5/84 hp.
The orc shouts!
An orc sorcerer comes into view. It is wielding a dagger.
You regained 2 hp, and now have 9/84 hp.
The orc sorcerer shouts!
You hear a shout!
You regained 2 hp, and now have 12/84 hp.
The orc warrior shouts!
The orc sorcerer hits you but does no damage.
The orc sorcerer gestures at you while chanting.
The bolt of fire hits you!
You die...

##.##..##......#### ##..
##..#....#.........## #..
#...####............## #.)
##....##.....#........## ##.
##....###.....#...)[[...# #.
#...##.##.##......[<[...# ##
####.....).#.ooo..)[....#
#......oo##.#.......##
###.....o.@#.#......## ###
##...........)......## #..#
#.............)##...# #o.'
#..............###...# #./#
#....).......)..##....# ####
#....#...........##...###..#
#...#..#......)...#....##.)'
#####.)..#....)...##...##..#
##.#..####..##.....#...#####


You could see an orc sorcerer, an orc wizard and an orc.

Vanquished Creatures
  An entropy weaver (Lair:4)
  An ogre mage (D:7)
  A hydra (Lair:3)
  A catoblepas (Lair:6)
  10 death yaks
  A queen ant (Lair:4)
  A deep elf knight (D:7)
  Pikel (D:9)
  7 orc knights
  A wizard (D:7)
  A deep elf mage (D:10)
  4 orc sorcerers
  2 ugly things (D:7)
  3 cyclopes (D:7)
  A salamander (shapeshifter) (D:7)
  A black mamba (shapeshifter) (D:7)
  8 black mambas
  4 spiny frogs
  3 rime drakes
  7 komodo dragons
  4 trolls
  6 two-headed ogres
  A polar bear (Lair:6)
  Prince Ribbit (D:9)
  13 blink frogs
  5 dream sheep (Lair:2)
  8 hippogriffs
  Sigmund (D:6)
  2 spriggans (Lair:4)
  A redback (Lair:4)
  A shadow (D:7)
  2 wraiths (Orc:1)
  A fire elemental (Orc:1)
  33 yaks
  A basilisk (Lair:5)
  3 hungry ghosts
  A warg (Orc:2)
  A mottled dragon (D:7)
  24 soldier ants
  5 water moccasins
  2 hell hounds
  8 porcupines
  A black bear (Lair:4)
  35 orc warriors
  3 sky beasts
  An ice beast (D:9)
  5 phantoms
  A necrophage (D:10)
  3 centaurs
  29 wolves
  16 ogres
  9 crocodiles
  A big kobold (D:9)
  12 bullfrogs
  A water moccasin zombie (D:8)
  5 scorpions
  A wyvern skeleton (D:6)
  3 jellies
  5 wights (D:10)
  2 howler monkeys
  A centaur zombie (D:9)
  3 crimson imps
  11 hounds
  A quasit (D:9)
  A bullfrog zombie (D:5)
  9 orc priests
  A centaur skeleton (D:6)
  Crazy Yiuf (D:4)
  3 bullfrog skeletons
  6 iguanas
  17 orc wizards
  24 worker ants
  A killer bee zombie (D:6)
  11 adders
  6 shadow imps
  3 oozes
  An adder zombie (D:9)
  An adder skeleton (D:7)
  2 dart slugs
  2 leopard geckos
  109 orcs
  10 giant cockroaches
  9 goblins
  7 hobgoblins
  3 jackals (D:10)
  5 quokkas
  4 ball pythons
  2 ball python skeletons
  6 bats
  3 frilled lizards
  10 kobolds
  A quokka skeleton (D:6)
  13 rats
  2 fungi (Lair:5)
  3 plants
608 creatures vanquished.

Vanquished Creatures (collateral kills)
  Azrael (Orc:2)
  Josephine (Orc:1)
  7 hydras
  2 catoblepae (Lair:6)
  Urug (Lair:2)
  An orc knight (Orc:1)
  A hill giant (D:10)
  A spiny frog (Lair:2)
  A troll (Orc:1)
  A hippogriff (Lair:3)
  2 wraiths (Orc:1)
  A fire elemental (Orc:2)
  2 hell hounds (D:10)
  2 water moccasins
  2 orc warriors (Orc:1)
  An ogre (Orc:2)
  9 wolves (Lair:2)
  A crocodile (Lair:2)
  4 bullfrogs (Lair:2)
  A hound (Lair:2)
  2 orc priests
  Jessica (D:2)
  An orc (Orc:1)
46 creatures vanquished.

Vanquished Creatures (others)
  An orc warrior (D:9)
  An adder skeleton (D:4)
  4 fungi
  12 plants
18 creatures vanquished.

Grand Total: 672 creatures vanquished

Notes
Turn   | Place    | Note
-------+----------+-------------------------------------------
     0 | D:1      | Haldmier the Vine Stalker Transmuter began the quest for the Orb.
     0 | D:1      | Reached XP level 1. HP: 9/9 MP: 4/4
   179 | D:1      | Reached skill level 1 in Fighting
   194 | D:1      | Reached XP level 2. HP: 13/14 MP: 4/6
   198 | D:1      | Learned a level 2 spell: Sticks to Snakes
   820 | D:1      | Reached XP level 3. HP: 18/18 MP: 7/7
   887 | D:2      | Learned a level 3 spell: Spider Form
  1373 | D:2      | Noticed Jessica
  1380 | D:2      | Killed Jessica
  1380 | D:2      | Gained mutation: Your natural rate of healing is unusually fast. [Vine Stalker growth]
  1380 | D:2      | Reached XP level 4. HP: 23/23 MP: 2/8
  1636 | D:3      | Reached skill level 2 in Fighting
  1756 | D:3      | Reached XP level 5. HP: 23/26 MP: 7/9
  2532 | D:4      | Noticed a phantom
  2558 | D:4      | Killed a phantom
  2558 | D:4      | Reached skill level 5 in Unarmed Combat
  2558 | D:4      | Reached skill level 1 in Poison Magic
  2558 | D:4      | Reached XP level 6. HP: 18/32 MP: 6/10
  2749 | D:4      | Found a staircase to the Ecumenical Temple.
  2758 | Temple   | Entered the Ecumenical Temple
  2824 | Temple   | Became a worshipper of Makhleb the Destroyer
  2934 | D:4      | Found a runed door.
  2940 | D:4      | Noticed Crazy Yiuf
  2952 | D:4      | Killed Crazy Yiuf
  3173 | D:4      | Noticed a phantom
  3291 | D:3      | Killed a phantom
  3291 | D:3      | Reached skill level 3 in Fighting
  3291 | D:3      | Reached XP level 7. HP: 29/36 MP: 5/11
  3415 | D:4      | Found a glowing golden altar of the Shining One.
  3419 | D:4      | Found a basalt altar of Yredelemnul.
  3422 | D:4      | Noticed a profane servitor
  3490 | D:4      | Noticed an angel
  3519 | D:5      | Entered Level 5 of the Dungeon
  3550 | D:5      | Found Limef's Distillery.
  3576 | D:5      | Bought a potion of might for 52 gold pieces
  3576 | D:5      | Bought a potion of curing for 39 gold pieces
  3665 | D:5      | Reached skill level 1 in Stealth
  4147 | D:5      | Reached * piety under Makhleb
  4435 | D:6      | Noticed Sigmund
  4527 | D:6      | Gained mutation: You have razor-sharp teeth. [Vine Stalker growth]
  4527 | D:6      | Reached XP level 8. HP: 33/41 MP: 8/12
  4671 | D:6      | Reached skill level 4 in Fighting
  4890 | D:6      | Reached skill level 5 in Transmutations
  4928 | D:6      | Got an iridescent hand axe
  5024 | D:6      | Killed Sigmund
  5220 | D:6      | Reached ** piety under Makhleb
  5297 | D:6      | Reached skill level 1 in Invocations
  5297 | D:6      | Reached XP level 9. HP: 39/46 MP: 6/13
  5742 | D:7      | Noticed a green ugly thing
  5829 | D:7      | Identified the +10 hand axe of Woe {vamp, Int+2} (You found it on level 6 of the Dungeon)
  5866 | D:7      | Noticed a wizard
  6133 | D:8      | Found a shattered altar of Ashenzari.
  6231 | D:8      | Found a snail-covered altar of Cheibriados.
  6560 | D:9      | Found a staircase to the Orcish Mines.
  6597 | D:9      | Reached skill level 5 in Fighting
  6667 | D:9      | Reached *** piety under Makhleb
  6757 | D:9      | Noticed Prince Ribbit
  6770 | D:9      | Killed Prince Ribbit
  6897 | D:9      | Found Wusm's Distillery.
  7060 | D:9      | Noticed Pikel
  7085 | D:9      | Killed Pikel
  7085 | D:9      | Reached XP level 10. HP: 45/53 MP: 11/17
  7140 | D:9      | Found a sparkling altar of Nemelex Xobeh.
  7140 | D:9      | Found a white marble altar of Elyvilon.
  7473 | Orc:1    | Entered Level 1 of the Orcish Mines
  7784 | Orc:1    | Learned a level 5 spell: Blade Hands
  7817 | Orc:1    | Noticed an orc knight
  7888 | Orc:1    | Reached skill level 6 in Fighting
  8059 | Orc:1    | Reached **** piety under Makhleb
  8150 | Orc:1    | Reached skill level 5 in Spellcasting
  8228 | Orc:1    | Noticed Josephine
  8259 | Orc:1    | Killed Josephine
  8389 | Orc:1    | Reached skill level 5 in Dodging
  8477 | Orc:1    | Noticed an orc sorcerer
  8486 | Orc:1    | Noticed an orange demon
  8487 | Orc:1    | Killed an orc sorcerer
  8487 | Orc:1    | Reached XP level 11. HP: 58/58 MP: 16/19
  8491 | Orc:1    | Noticed an orc knight
  8494 | Orc:1    | Noticed an orc knight
  8699 | D:9      | Identified a scroll of acquirement
  8740 | D:10     | Entered Level 10 of the Dungeon
  8863 | D:10     | Reached skill level 7 in Fighting
  8937 | D:10     | Found a staircase to the Lair.
  9223 | D:10     | Noticed a deep elf mage
  9235 | D:10     | Killed a deep elf mage
  9626 | D:10     | Reached ***** piety under Makhleb
  9665 | D:10     | Noticed a hill giant
  9671 | D:10     | Killed a hill giant
  9710 | Lair:1   | Entered Level 1 of the Lair of Beasts
  9855 | Lair:1   | Reached skill level 8 in Fighting
 10710 | Lair:2   | Noticed a four-headed hydra
 10719 | Lair:2   | Killed a four-headed hydra
 10722 | Lair:2   | Gained mutation: You heal very quickly. [Vine Stalker growth]
 10722 | Lair:2   | Reached XP level 12. HP: 57/65 MP: 14/20
 10738 | Lair:2   | Reached skill level 10 in Transmutations
 10845 | Lair:2   | Noticed Urug
 10862 | Lair:2   | Killed Urug
 10886 | Lair:2   | Noticed an eight-headed hydra
 10898 | Lair:2   | Killed an eight-headed hydra
 10903 | Lair:2   | Reached skill level 5 in Invocations
 10903 | Lair:2   | Reached skill level 9 in Fighting
 10970 | Lair:2   | Identified Hequetos's Volume of Instinct
 10995 | Lair:2   | Noticed a seven-headed hydra
 11000 | Lair:2   | Killed a seven-headed hydra
 11101 | Lair:2   | Noticed a five-headed hydra
 11110 | Lair:2   | Killed a five-headed hydra
 11536 | Lair:3   | Noticed an eight-headed hydra
 11554 | Lair:3   | Killed an eight-headed hydra
 11832 | Lair:3   | Found a staircase to the Swamp.
 11832 | Lair:3   | Noticed a seven-headed hydra
 11879 | Lair:3   | Killed a seven-headed hydra
 12647 | Lair:4   | Reached XP level 13. HP: 72/72 MP: 19/21
 12720 | Lair:4   | Reached skill level 10 in Fighting
 12726 | Lair:4   | Noticed an entropy weaver
 12735 | Lair:4   | Noticed an entropy weaver
 13044 | Lair:4   | Found a hole to the Spider Nest.
 13684 | Lair:5   | Found a staircase to the Slime Pits.
 13687 | Lair:5   | Found a viscous altar of Jiyva.
 13943 | Lair:5   | You fall through a shaft!
 13943 | Lair:6   | Entered Level 6 of the Lair of Beasts
 15055 | Lair:6   | Reached skill level 11 in Fighting
 15220 | Lair:6   | HP: 1/74 [catoblepas/blast of calcifying dust (9)]
 15376 | Lair:6   | Reached skill level 10 in Dodging
 15391 | Lair:6   | Reached XP level 14. HP: 79/79 MP: 20/22
 16180 | Lair:4   | Killed an entropy weaver
 17399 | D:7      | Reached skill level 1 in Evocations
 17413 | D:7      | Reached skill level 10 in Invocations
 17440 | D:7      | Got a fine tin ring
 17747 | D:7      | Identified the ring "Kesaneer" {Wiz rF+ rC+ MR+ Str+4} (You took it off a deep elf knight on level 7 of the Dungeon)
 18085 | Orc:1    | Reached skill level 12 in Fighting
 18251 | Orc:1    | Found a roughly hewn altar of Beogh.
 18269 | Orc:2    | Entered Level 2 of the Orcish Mines
 18274 | Orc:2    | Reached ****** piety under Makhleb
 18412 | Orc:2    | Noticed Azrael
 18542 | Orc:2    | Killed Azrael
 18749 | Orc:2    | Found Ketuclamm's Antique Armour Boutique.
 18770 | Orc:2    | Found a roughly hewn altar of Beogh.
 18907 | Orc:2    | Found Zotwi's Antique Weapon Shop.
 18942 | Orc:2    | Reached XP level 15. HP: 84/84 MP: 23/23
 19232 | Orc:2    | Noticed an orc warlord
 19296 | Orc:2    | Found a staircase to the Elven Halls.
 19371 | Orc:2    | HP: 2/84 [sun demon[an orc sorcerer] (7)]
 19380 | Orc:2    | Killed from afar by an orc sorcerer

Skill      XL: |  1  2  3  4  5  6  7  8  9 10 11 12 13 14 |
---------------+-------------------------------------------+-----
Fighting       | 1 2 3 4 5 6 8 9 11 12 | 12.0
Unarmed Combat | 4 5 6 7 8 |  8.8
Transmutations | 3 4 5 7 8 9 11 | 11.0
Poison Magic   | 1 2 3 |  3.0
Stealth        | 1 4 |  4.0
Dodging        | 2 3 5 7 8 10 11 | 11.3
Invocations    | 1 3 4 6 9 10 | 10.2
Spellcasting   | 4 5 |  5.0
Evocations     | 4 |  4.0

Action                   |  1- 3 |  4- 6 |  7- 9 | 10-12 | 13-15 || total
-------------------------+-------+-------+-------+-------+-------++-------
Melee: Unarmed           |   100 |   196 |   263 |   121 |    74 ||   754
       Bite              |    15 |    53 |    64 |   128 |   318 ||   578
       Headbutt          |     5 |    20 |    25 |    57 |   177 ||   284
       Kick              |     8 |    16 |    23 |       |       ||    47
       Punch             |     1 |     3 |    10 |    13 |    45 ||    72
       Hand axe          |       |       |    68 |   435 |   898 ||  1401
Throw: Tomahawk          |       |       |       |    22 |       ||    22
 Cast: Beastly Appendage |    29 |    35 |    54 |    53 |    81 ||   252
       Sticks to Snakes  |     2 |     5 |     7 |    37 |    15 ||    66
       Spider Form       |       |     1 |    11 |    15 |     1 ||    28
       Blade Hands       |       |       |       |       |     4 ||     4
Invok: Lesser Servant of |       |       |       |    16 |    14 ||    30
 Abil: End Transformatio |       |       |       |     1 |       ||     1
Evoke: Wand              |       |       |       |       |     9 ||     9
       Phial of floods   |       |       |       |       |     1 ||     1
  Use: Scroll            |       |    12 |     4 |    14 |    10 ||    40
 Stab: Sleeping          |       |     1 |     6 |     5 |     6 ||    18
       Distracted        |       |       |     1 |     4 |     2 ||     7
  Eat: Chunk             |     2 |     7 |    13 |    21 |    27 ||    70
       Bread ration      |       |       |     1 |       |       ||     1
       Royal jelly       |       |       |     1 |       |       ||     1
       Beef jerky        |       |       |     1 |       |       ||     1
Armor: Robe              |    24 |    40 |    41 |    13 |       ||   118
       Troll leather arm |       |       |       |   106 |   191 ||   297
       Skin              |       |       |       |     1 |       ||     1
Dodge: Dodged            |    56 |    85 |   163 |   402 |   949 ||  1655
Block: Other             |       |     3 |    22 |   141 |   217 ||   383
       Reflection        |       |       |     1 |     4 |     1 ||     6
